Map: Pureza e industria EE

Players

Beebo - Winner!

  • Race: Zerg Zerg
  • Spawn Location: 3:00

MrFercho

  • Race: Zerg Zerg
  • League: Silver
  • Spawn Location: 12:00

VOD

Have the link to the VOD?

Description

Time

  • Played on: June 7, 2020, 10:58 p.m.
  • Length: 5:53
Show
View Real Time Build Order
Export as new Build Order

Beebo Zerg - Winner!

Build Orders: Pool First 

Get SALT Encoding   

  12  0:26  Spawning Pool  
  12  0:27  Overlord  
  11  0:36  Drone x2  
  13  1:13  Zergling x6  
  13  1:14  Queen  
  18  1:33  Hatchery  
  17  1:43  Overlord  
  17  1:45  Overlord  
  17  2:21  Drone x3  
  19  3:05  Zergling x12  
  25  3:21  Drone x3  
  28  4:23  Zergling x12  
  31  4:27  Drone x3  
  31  4:29  Queen  
  31  4:51  Extractor  
  30  4:53  Extractor  
  30  4:58  Drone x2  
  31  5:04  Queen  
Show
View Real Time Build Order
Export as new Build Order

MrFercho Zerg 

Build Orders: Pool First 

Get SALT Encoding   

  12  0:03  Drone  
  13  0:13  Overlord  
  13  0:17  Drone  
  14  0:31  Drone x2  
  14  0:35  Drone  
  17  0:46  Drone  
  18  0:52  Spawning Pool  
  18  0:57  Drone  
  18  1:07  Drone  
  19  1:25  Hatchery  
  18  1:28  Overlord  
  18  1:30  Drone  
  19  1:35  Extractor  
  18  1:40  Drone  
  19  1:51  Drone  
  20  2:02  Drone  
  21  2:09  Queen  
  23  2:18  Drone  
  23  2:19  Spine Crawler  
  20  2:29  Drone  
  16  2:40  Drone x2  
  17  2:50  Spine Crawler  
  16  2:54  Drone x2  
  16  2:55  Drone  
  17  3:01  Spine Crawler  
  14  3:07  Drone  
  14  3:11  Drone  
  13  3:18  Drone  
  11  3:35  Drone x2  
  13  3:44  Drone x2  
  13  3:47  Drone  
  15  4:02  Spine Crawler  
  14  4:05  Drone  
  14  4:09  Drone  
  16  4:14  Drone  
  16  4:18  Drone  
  12  4:43  Drone  
  13  4:49  Drone  
  14  5:10  Drone x2  
  14  5:11  Drone  
  17  5:26  Drone  
  17  5:27  Roach Warren  
Tags
 
League
Silver
Matchup
ZvZ
Race
Zerg
Replay Pack
MrFercho
Spawn Locations
Close Positions
Add a new tag
Caveats
  • Supply blocks, unpowered buildings, or Contaminate may cause inaccurate times.
  • Supply counts are checked every 10 seconds.